 Dungeon Crawl Stone Soup version 0.24-a0-292-g5c6fb1c (webtiles) character file.

Game seed: 13736029591080964260

8934 Chiseanne the Fighter (level 11, -2/92 HPs)
             Began as a Demonspawn Wanderer on May 10, 2019.
             Was an Initiate of Gozag.
             Killed from afar by a fire giant (28 damage)
             ... with a bolt of fire
             ... in a bailey.
             The game lasted 00:29:03 (11149 turns).

Chiseanne the Fighter (Demonspawn Wanderer)        Turns: 11149, Time: 00:29:03

Health: -2/92      AC: 24    Str: 19    XL:     11   Next: 16%
Magic:  0/11       EV:  9    Int: 15    God:    Gozag
Gold:   413        SH: 10    Dex: 19    Spells: 10/10 levels left

rFire    . . .     SeeInvis .   a - +6 mace "Aggyix" {crush, *Noise MR+ Dex+3}
rCold    + + .     Gourm    .   D - +1 shield "Micowk" {Stlth+}
rNeg     . . .     Faith    .   e - +4 plate armour {rC+}
rPois    .         Spirit   +   (no helmet)
rElec    .         Reflect  .   n - +1 cloak
rCorr    .         Harm     .   (no gloves)
MR       +....                  (no boots)
Stlth    ..........             c - amulet of guardian spirit
HPRegen  0.25/turn              A - +5 ring of strength
MPRegen  0.12/turn              o - +3 ring of dexterity

@: no status effects
A: iridescent scales 2, cold resistance 1, powered by death 2, freezing cloud
immunity
a: Potion Petition, Call Merchant, Bribe Branch, Renounce Religion


You were in a bailey.
You worshipped Gozag.
Gozag was aware of your devotion.
You were not hungry.

You visited 1 branch of the dungeon, and saw 10 of its levels.
You also visited: Ossuary and Bailey.

You collected 1936 gold pieces.
You spent 850 gold pieces at shops.
You paid 673 gold pieces to Gozag.

Inventory:

Hand Weapons
 a - the +6 mace "Aggyix" (weapon) {crush, *Noise MR+ Dex+3}
   (You found it on level 6 of the Dungeon)

   It inflicts extra damage upon your enemies.
   It affects your dexterity (+3).
   It affects your resistance to hostile enchantments.
   It may make noises in combat.
 s - a +3 war axe of flaming
Missiles
 l - 326 stones (quivered)
 q - 23 tomahawks
 u - 78 sling bullets
 x - 14 bolts
Armour
 e - a +4 plate armour of cold resistance (worn)
 n - a +1 cloak (worn)
 C - a scarf of cloud immunity
 D - the +1 shield "Micowk" (worn) {Stlth+}
   (You bought it in a shop on level 9 of the Dungeon)

   It makes you more stealthy.
 I - the +0 pair of boots of Imperfection {rF- Str+4 Int+2}
   (You bought it in a shop on level 9 of the Dungeon)

   It affects your strength (+4).
   It affects your intelligence (+2).
   It makes you vulnerable to fire.
 J - a +1 buckler of positive energy
Jewellery
 c - an amulet of guardian spirit (around neck)
 g - an uncursed ring of protection from magic
 o - a +3 ring of dexterity (right hand)
 v - an uncursed ring of resist corrosion
 A - a +5 ring of strength (left hand)
Wands
 t - a wand of digging (7)
 w - a wand of polymorph (4)
 F - a wand of iceblast (6)
Scrolls
 b - 2 scrolls of teleportation
 d - 4 scrolls of remove curse
 k - 4 scrolls of amnesia
 p - 2 scrolls of identify
 r - 3 scrolls of immolation
 E - 3 scrolls of fear
Potions
 h - 2 potions of flight
 i - 4 potions of mutation
 j - a potion of resistance
 m - 2 potions of cancellation
 z - 2 potions of brilliance
Comestibles
 f - 3 rations


   Skills:
 * Level 10.8 Fighting
   Level 1.0 Staves
 * Level 8.9 Armour
 * Level 9.2 Dodging
 - Level 1.7 Stealth
 * Level 2.9 Shields
 - Level 1.0 Evocations


You had 10 spell levels left.
You didn't know any spells.
Your spell library contained the following spells:

 Spells                   Type           Power        Failure   Level  Hunger
 Animate Skeleton         Necr           N/A          100%        1    ##.....
 Apportation              Tloc           #.....       100%        1    ##.....
 Confusing Touch          Hex            #.....       100%        1    ##.....
 Summon Small Mammal      Summ           #...         100%        1    ##.....


Dungeon Overview and Level Annotations

Branches:
Dungeon (10/15)            Temple (0/1) D:7            Lair (0/6) D:8
    Orc: D:9-12

Altars:
Ashenzari
Cheibriados
Dithmenos
Fedhas
Gozag
Hepliaklqana
Okawaru
Qazlal
Ru
Trog
Uskayaw
Yredelemnul
Zin
Beogh

Shops:
D:9 [   D:10 }

Annotations:
D:9 4 runed translucent doors, 2 transporters


Innate Abilities, Weirdness & Mutations

You are mostly covered in iridescent scales. (AC +4)
Your flesh is cold resistant. (rC+)
You regenerate health from kills.
You are immune to freezing clouds.


Message History

Press: ? - help, Shift-Dir - straight line, p - fire giant The mass of ice explodes!
The iceblast engulfs the fire giant!
The fire giant is severely wounded.
You hear a shout! x2
Your orc warlord shimmers and vanishes!
The fire giant points at you and mumbles some strange words.
The fireball explodes!
The fireball engulfs you but does no damage.
You hear a shout!
You hear a shout! x2
Evoke which item? (* to show all) (? for menu, Esc to quit)
Aiming: Phantom Mirror
Press: ? - help, Dir - move target cursor, f - fire giant
Aim: a fire giant, wielding a +1 long sword (heavily wounded)
You reflect the fire giant with the mirror, and the mirror shatters!
Your fire giant closely misses the fire giant.
The fire giant gestures at you while chanting.
The bolt of fire hits you!!
You die...
Your body crumbles into a pile of gold.

### ###.### ..#
###.....### ....
##.........##
.....#...........#
..[..'.....@.....#
.....#..CC.⌠.....#
... #...........# .
#...........#
##.......))### ♣♣
###.....#'#.###
♣♣♣♣.
###.###.....###♣.♣..
###.........##....
$$#...........#....


You could see a fire giant and a friendly fire giant.

Vanquished Creatures
  An unseen horror (D:8)
  An ugly thing (D:9)
  A centaur zombie (D:10)
  A hippogriff (D:7)
  10 yaks
  A hog (D:7)
  A human (D:7)
  2 hungry ghosts
  A human (shapeshifter) (D:10)
  2 basilisks
  2 water moccasins
  An acid dragon (D:10)
  3 orc warriors
  3 ice beasts
  3 porcupines (D:8)
  A phantom (D:9)
  A sky beast (D:6)
  5 ogres
  A black bear (D:6)
  3 centaurs
  A wolf (D:9)
  A crocodile (D:8)
  A big kobold (D:9)
  7 bullfrogs
  2 water moccasin skeletons
  A scorpion (D:8)
  11 wights
  A bullfrog zombie (D:5)
  4 crimson imps
  A quasit (D:6)
  2 human zombies (Ossuary)
  2 orc priests (D:9)
  3 hounds
  Crazy Yiuf (D:7)
  3 iguanas
  5 orc wizards
  A centaur skeleton (D:9)
  A gnoll shaman (D:6)
  Ijyb (D:4)
  8 worker ants
  3 big kobold zombies (Ossuary)
  A hound skeleton (D:4)
  4 mummies (Ossuary)
  A worker ant zombie (D:9)
  19 gnolls
  8 adders
  2 shadow imps (D:5)
  A worm zombie (D:5)
  2 adder zombies
  3 worms
  3 dart slugs
  3 leopard geckos
  22 orcs
  10 bats
  3 giant cockroaches
  18 goblins
  12 hobgoblins
  7 jackals
  4 quokkas
  5 frilled lizards
  A giant cockroach zombie (D:5)
  3 goblin zombies (Ossuary)
  5 kobolds
  2 leopard gecko skeletons (D:6)
  2 leopard gecko zombies
  2 quokka zombies (D:5)
  5 rats
252 creatures vanquished.

Vanquished Creatures (collateral kills)
  A death knight (D:10)
1 creature vanquished.

Vanquished Creatures (others)
  A wizard (D:5)
1 creature vanquished.

Grand Total: 254 creatures vanquished

Notes
Turn   | Place    | Note
-------+----------+-------------------------------------------
     0 | D:1      | Chiseanne the Demonspawn Wanderer began the quest for the
                  | Orb.
     0 | D:1      | Chiseanne set off with the following items: a +2
                  | quarterstaff, 2 scrolls of teleportation, a +0 robe, a +0
                  | dagger, a ration
     0 | D:1      | Reached XP level 1. HP: 19/19 MP: 1/1
   416 | D:1      | Gained mutation: You regenerate a little health from kills.
                  | [demonic ancestry]
   416 | D:1      | Reached XP level 2. HP: 25/25 MP: 2/2
  1238 | D:2      | Gained mutation: You are partially covered in iridescent
                  | scales. (AC +2) [demonic ancestry]
  1238 | D:2      | Reached XP level 3. HP: 19/31 MP: 3/3
  1660 | D:2      | Found a hide-covered altar of Uskayaw.
  1661 | D:2      | Found a glowing silver altar of Zin.
  1722 | D:2      | Found a blossoming altar of Fedhas.
  1732 | D:2      | Reached XP level 4. HP: 38/38 MP: 4/4
  2046 | D:2      | Reached skill level 5 in Fighting
  2216 | D:2      | Found a faded altar of an unknown god.
  2890 | D:3      | Gained mutation: Your flesh is cold resistant. (rC+)
                  | [demonic ancestry]
  2890 | D:3      | Reached XP level 5. HP: 33/44 MP: 3/5
  3158 | D:3      | Found a shadowy altar of Dithmenos.
  3158 | D:3      | Found a snail-covered altar of Cheibriados.
  3163 | D:3      | Found a hazy altar of Hepliaklqana.
  3165 | D:3      | Found a stormy altar of Qazlal.
  3167 | D:3      | Found a basalt altar of Yredelemnul.
  3344 | D:4      | Found an opulent altar of Gozag.
  3353 | D:4      | Became a worshipper of Gozag Ym Sagoz the Greedy
  3358 | D:4      | Noticed Ijyb
  3377 | D:4      | Killed Ijyb
  3561 | D:4      | Noticed an ogre
  3578 | D:4      | Killed an ogre
  3578 | D:4      | Gained mutation: You are mostly covered in iridescent
                  | scales. (AC +4) [demonic ancestry]
  3578 | D:4      | Reached XP level 6. HP: 48/51 MP: 6/6
  3850 | D:5      | Entered Level 5 of the Dungeon
  4091 | D:5      | Reached skill level 6 in Fighting
  4112 | D:5      | Reached XP level 7. HP: 44/58 MP: 4/7
  4133 | D:5      | Found a sand-covered staircase.
  4141 | Ossuary  | Entered an ossuary
  4910 | D:5      | Found a bloodstained altar of Trog.
  4911 | D:5      | Noticed a wizard
  4917 | D:5      | Killed a wizard
  5419 | D:6      | Reached skill level 5 in Dodging
  5583 | D:6      | Reached skill level 7 in Fighting
  5583 | D:6      | Gained mutation: You regenerate health from kills. [demonic
                  | ancestry]
  5583 | D:6      | Reached XP level 8. HP: 50/67 MP: 8/8
  6156 | D:6      | Reached skill level 5 in Armour
  6772 | D:6      | Got a fine mace
  6776 | D:6      | Identified the +6 mace "Aggyix" {crush, *Noise MR+ Dex+3}
                  | (You found it on level 6 of the Dungeon)
  6902 | D:6      | Found a sacrificial altar of Ru.
  7173 | D:7      | You fall through a shaft!
  7393 | D:8      | Reached skill level 8 in Fighting
  7421 | D:8      | Reached XP level 9. HP: 64/74 MP: 2/9
  7531 | D:8      | You fall through a shaft!
  7531 | D:9      | Found a large runed translucent door.
  7531 | D:9      | Found a large runed translucent door.
  7531 | D:9      | Found a large runed translucent door.
  7531 | D:9      | Found a large runed translucent door.
  8007 | D:7      | Found a staircase to the Ecumenical Temple.
  8054 | D:7      | Found a runed translucent door.
  8055 | D:7      | Noticed Crazy Yiuf
  8060 | D:7      | Killed Crazy Yiuf
  8189 | D:7      | Reached skill level 9 in Fighting
  8319 | D:7      | Paralysed by a crimson imp for 7 turns
  8411 | D:7      | Reached XP level 10. HP: 62/83 MP: 7/10
  8605 | D:8      | Found a staircase to the Lair.
  8675 | D:8      | Reached skill level 10 in Fighting
  8972 | D:8      | Killed an unseen horror
  9265 | D:8      | Found a shattered altar of Ashenzari.
  9343 | D:9      | Bought a pair of jewelled boots for 285 gold pieces
  9352 | D:9      | Identified the cursed +0 pair of boots of Imperfection {rF-
                  | Str+4 Int+2} (You bought it in a shop on level 9 of the
                  | Dungeon)
  9353 | D:9      | Bought a distressingly furry shield for 285 gold pieces
  9359 | D:9      | Identified the +1 shield "Micowk" {Stlth+} (You bought it
                  | in a shop on level 9 of the Dungeon)
  9626 | D:9      | Found a roughly hewn altar of Beogh.
  9626 | D:9      | Found a transporter.
  9658 | D:9      | Reached skill level 1 in Shields
  9861 | D:9      | Found a transporter.
 10067 | D:9      | Found an iron altar of Okawaru.
 10195 | D:9      | Noticed a green ugly thing
 10215 | D:9      | Killed a green ugly thing
 10453 | D:10     | Entered Level 10 of the Dungeon
 10455 | D:10     | Noticed a death knight
 10494 | D:10     | HP: 1/86 [ice beast (4)]
 10769 | D:10     | Gained mutation: You are immune to freezing clouds.
                  | [demonic ancestry]
 10769 | D:10     | Reached XP level 11. HP: 91/92 MP: 11/11
 10790 | D:10     | Found Xopsor Riaqe's Gadget Shoppe.
 10794 | D:10     | Bought a sack of spiders for 280 gold pieces
 10842 | D:10     | Killed a death knight
 10954 | D:10     | Found a flagged portal.
 10963 | Bailey   | Entered a bailey
 11132 | Bailey   | Noticed an orc warlord
 11136 | Bailey   | Noticed a fire giant
 11136 | Bailey   | an orc warlord changed into a fire giant
 11149 | Bailey   | Killed from afar by a fire giant

Levels and vault maps discovered:
D:1:      elethiomel_arrival_shortcut, layout_basic, grunt_decor_cap
D:2:      layout_rooms, gammafunk_temple_overflow_pools, fedhas_altar_3,
          first_ration, chequers_ecumenical_altar_simple, serial_glass,
          glass_columns_c, glass_columns_a
D:3:      layout_loops_corners, chequers_temple_overflow_minitemple,
          grunt_decor_fettered
D:4:      layout_cave_pools, lemuel_crystal_altar,
          nicolae_overflow_hidden_temple, uniq_ijyb
D:5:      layout_basic, serial_glass, glass_columns_b, glass_columns_c,
          enter_ossuary_3, trog_wizard
D:6:      layout_layer_cave, nicolae_ru_the_path_less_chosen
D:7:      layout_rooms, minmay_temple_entry_antechambers, grunt_livestock,
          minmay_stone_trees_large, uniq_crazy_yiuf_cottage
D:8:      layout_basic, overflow_temple_1_default, minmay_lair_entry_grove,
          kennysheep_just_a_vault
D:9:      gammafunk_beogh_shrine, layout_basic, kennysheep_little_box,
          minmay_hollow_rounded_squares
D:10:     layout_irregular_city, serial_shops, shop, enter_bailey_3,
          minmay_misc_feat_diagonals, kb_rosetta
Bailey:   bailey_axe_minmay_hex_keep, bailey

Skill      XL: |  1  2  3  4  5  6  7  8  9 10 |
---------------+-------------------------------+-----
Dodging        | 2 3 4 5 6 7 9 |  9.2
Fighting       | 5 6 7 8 9 10 | 10.8
Armour         | 2 3 4 5 7 8 |  8.9
Shields        | 2 |  2.9
Staves         | |  1.0
Stealth        | |  1.7
Evocations     | |  1.0

Action                   |  1- 3 |  4- 6 |  7- 9 | 10-12 || total
-------------------------+-------+-------+-------+-------++-------
Melee: Quarterstaff      |   102 |   181 |   352 |       ||   635
       Mace              |       |       |   171 |   373 ||   544
Invok: Potion Petition   |       |       |     1 |       ||     1
       Call Merchant     |       |       |     1 |       ||     1
Evoke: Wand              |       |       |     3 |     4 ||     7
       Sack of spiders   |       |       |       |     2 ||     2
       Phantom mirror    |       |       |       |     2 ||     2
  Use: Scroll            |     3 |     6 |    10 |     8 ||    27
       Potion            |       |       |     5 |     1 ||     6
 Stab: Invisible         |       |       |     3 |       ||     3
       Distracted        |       |       |     2 |     3 ||     5
  Eat: Chunk             |     3 |     3 |       |       ||     6
       Ration            |       |     3 |     6 |     7 ||    16
Armor: Robe              |    28 |       |       |       ||    28
       Scale mail        |       |    88 |   267 |       ||   355
       Plate armour      |       |       |    98 |   258 ||   356
Dodge: Dodged            |    72 |    81 |   445 |   180 ||   778
Block: Shield            |       |       |       |   177 ||   177

Table legend:
 A = Non-vault XP
 B = Vault XP
 C = Vault XP percentage of total XP
 D = Non-vault monster count
 E = Vault monster count
 F = Vault count percentage of total count
                 A         B        C        D         E       F
            +---------+---------+-------+---------+---------+-------
      Total |    6473 |    6290 |  49.3 |     176 |      77 |  30.4
            +---------+---------+-------+---------+---------+-------
        D:1 |      39 |       0 |   0.0 |      20 |       0 |   0.0
        D:2 |     110 |       0 |   0.0 |      29 |       0 |   0.0
        D:3 |      52 |       0 |   0.0 |      12 |       0 |   0.0
        D:4 |     229 |      36 |  13.6 |       7 |       1 |  12.5
        D:5 |     548 |       7 |   1.3 |      23 |       1 |   4.2
        D:6 |    1020 |       0 |   0.0 |      23 |       0 |   0.0
        D:7 |    1449 |    1066 |  42.4 |      18 |       6 |  25.0
        D:8 |     344 |    2805 |  89.1 |       5 |      14 |  73.7
        D:9 |    1846 |     918 |  33.2 |      35 |       4 |  10.3
       D:10 |     836 |     871 |  51.0 |       4 |       8 |  66.7
    Ossuary |       0 |     236 | 100.0 |       0 |      12 | 100.0
     Bailey |       0 |     351 | 100.0 |       0 |      31 | 100.0
            +---------+---------+-------+---------+---------+-------
